 Dungeon Crawl Stone Soup version 0.20.1-1-g8b1a95d (webtiles) character file.

2700 MotkuVodaTOUR the Nimble (level 9, -5/39 HPs)
             Began as a Spriggan Air Elementalist on July 24, 2017.
             Shot with a sling bullet by Joseph (20 damage)
             ... on level 7 of the Dungeon on July 25, 2017.
             The game lasted 00:36:58 (6508 turns).

MotkuVodaTOUR the Nimble (SpAE)                     Turns: 6508, Time: 00:36:59

Health: -5/39      AC:  4    Str:  6    XL:     9   Next: 38%
Magic:  0/19       EV: 25    Int: 18    God:
Gold:   374        SH:  0    Dex: 16    Spells: 13/20 levels left

rFire    . . .     SeeInvis +   n - +2 dagger (speed)
rCold    + . .     Gourm    .   (shield restricted)
rNeg     . . .     Faith    .   r - +2 robe
rPois    .         Spirit   .   (helmet restricted)
rElec    .         Reflect  .   (no cloak)
rCorr    .         Harm     .   (gloves unavailable)
MR       +....                  (boots unavailable)
Stlth    +++.......             A - amulet of regeneration
Regen    0.6/turn               h - ring of see invisible
MPRegen  0.2/turn               f - ring of protection from cold

@: very quick
A: unfitting armour, see invisible, herbivore 3, speed 3, slow metabolism 2
a: no special abilities


You were on level 7 of the Dungeon.
You were not hungry.

You visited 1 branch of the dungeon, and saw 7 of its levels.

You collected 374 gold pieces.

Inventory:

Hand Weapons
 d - a +0 dagger of speed
 e - a cursed -1 dagger
 j - a +0 hunting sling
 n - a +2 dagger of speed (weapon)
 t - a +1 trident of piercing
 J - a +2 dagger of venom
Missiles
 k - 183 stones (quivered)
Armour
 a - a +0 robe
 p - a +1 buckler
 r - a +2 robe (worn)
Magical Staves
 y - an uncursed staff of conjuration
Jewellery
 f - a ring of protection from cold (right hand)
 h - a ring of see invisible (left hand)
 q - a +4 ring of strength
 w - an uncursed ring of stealth
 A - an amulet of regeneration (around neck)
Wands
 z - a wand of lightning (9/15)
 C - a wand of random effects (35/48)
 E - a wand of disintegration (22/24)
 F - a wand of lightning (12/15)
Scrolls
 i - 2 scrolls of recharging
 l - 5 scrolls of amnesia
 m - a scroll of magic mapping
 o - a scroll of fog
 u - 2 scrolls of enchant weapon
 x - 2 scrolls of remove curse
 H - a scroll of noise {unknown}
 I - a scroll of identify
Potions
 v - a potion of magic {unknown}
 B - 3 potions of heal wounds
 D - 2 potions of degeneration {unknown}
 G - 2 potions of curing
 K - 2 potions of brilliance
 L - a potion of cancellation {unknown}
Books
 b - a book of Air

   Spells                             Type                      Level
   a - Shock                          Conjuration/Air              1
   b - Swiftness                      Charms/Air                   2
   c - Static Discharge               Conjuration/Air              3
   d - Airstrike                      Air                          4
   e - Lightning Bolt                 Conjuration/Air              5
Comestibles
 c - 5 bread rations
 g - 4 fruits
 s - 2 royal jellies


   Skills:
 + Level 0.1 Fighting
 + Level 9.8 Dodging
 - Level 5.0 Stealth
 * Level 6.1 Spellcasting
 - Level 0.6 Conjurations
 - Level 9.3 Air Magic


You had 13 spell levels left.
You knew the following spells:

 Your Spells              Type           Power        Failure   Level  Hunger
a - Swiftness             Chrm/Air       ###.....     2%          2    None
b - Airstrike             Air            #####.....   2%          4    ####...
f - Shock                 Conj/Air       ###.         1%          1    None


Dungeon Overview and Level Annotations

Branches:
Dungeon (7/15)
 Temple: D:4-7

Altars:
Elyvilon
Nemelex Xobeh
Okawaru
Qazlal
Uskayaw

Shops:
D:5 :   D:6 }

Annotations:
D:3 2 transporters, exclusion: downstairs
D:7 Joseph


Innate Abilities, Weirdness & Mutations

You are very small and have problems with some larger weapons.
You are too small for most types of armour.
You have supernaturally acute eyesight. (SInv)
You are a herbivore.
You cover ground extremely quickly.
You need consume almost no food.


Message History

Aim: Joseph, wielding a hunting sling and wearing a ring mail (severely wounded)
The zap hits Joseph.
Joseph is severely wounded.
Joseph shoots a sling bullet.
The sling bullet barely misses you.
A sky beast comes into view.
Joseph shoots a sling bullet.
The sling bullet hits you!!
Ouch! That really hurt!
You see here a sling bullet.
Casting: Shock
Confirm with . or Enter, or press ? or * to list all spells.
Aiming: Shock
Press: ? - help, Shift-Dir - straight line, f/p - Joseph
Aim: Joseph, wielding a hunting sling and wearing a ring mail (severely wounded)
The zap hits Joseph.
Joseph is severely wounded.
Joseph shoots a sling bullet.
The sling bullet hits you.
The sky beast flickers out of sight for a moment.
Joseph shoots a sling bullet.
The sling bullet hits you!!
Ouch! That really hurt!
You die...

#.....#......# #.....#.....Y+
#.....#......# #.# ####..@#
#†########.<.####### ##
#........#.......... .
#........#..(....... .
#######.####.##..### .#
#.####†####@##..###+###.###.
#...........(>...............
#...........(................
#............................
##...##'########'###'##..##..
##'####...##..##.###.###+##
#.........'...............#
#.........#...............+
#####....##...############..###


You could see Joseph and a sky beast (invisible).

Vanquished Creatures
  Pikel (D:7)
  5 yaks (D:5)
  The ghost of Elrondos the Charmwright, an amateur DgSk (D:4)
  Edmund (D:4)
  A black bear (D:7)
  3 ogres
  A centaur (D:4)
  2 bullfrogs
  A howler monkey (D:7)
  2 crimson imps
  A bullfrog zombie (D:5)
  A bullfrog skeleton (D:4)
  A centaur skeleton (D:6)
  2 orc priests
  2 hounds
  Jessica (D:3)
  2 iguanas
  An orc wizard (D:3)
  3 worker ants
  2 hound skeletons
  A worker ant zombie (D:5)
  11 adders
  A worm (D:2)
  5 dart slugs
  A leopard gecko (D:3)
  11 orcs
  A ball python (D:1)
  4 bats
  5 giant cockroaches
  15 goblins
  4 hobgoblins (D:1)
  2 jackals (D:1)
  8 kobolds
  3 frilled lizards
  A quokka zombie (D:6)
  6 rats
113 creatures vanquished.

Vanquished Creatures (others)
  A slave (D:7)
1 creature vanquished.

Grand Total: 114 creatures vanquished

Notes
Turn   | Place    | Note
-------+----------+-------------------------------------------
     0 | D:1      | MotkuVodaTOUR the Spriggan Air Elementalist began the quest for the Orb.
     0 | D:1      | Reached XP level 1. HP: 9/9 MP: 5/5
   374 | D:1      | Reached XP level 2. HP: 10/13 MP: 2/6
   412 | D:1      | Learned a level 2 spell: Swiftness
   989 | D:1      | Reached XP level 3. HP: 16/16 MP: 2/8
  1857 | D:2      | Reached XP level 4. HP: 21/21 MP: 9/9
  1918 | D:2      | Found a stormy altar of Qazlal.
  1918 | D:2      | Found a hide-covered altar of Uskayaw.
  1919 | D:2      | Found an iron altar of Okawaru.
  2105 | D:3      | Learned a level 4 spell: Airstrike
  2149 | D:3      | Found a white marble altar of Elyvilon.
  2376 | D:3      | HP: 1/31 [orc priest/divine providence (15)]
  2381 | D:3      | Reached skill level 5 in Air Magic
  2381 | D:3      | Reached XP level 5. HP: 12/24 MP: 5/10
  2533 | D:3      | Found a transporter.
  2552 | D:3      | Found a transporter.
  2595 | D:3      | Found a sparkling altar of Nemelex Xobeh.
  2595 | D:3      | Noticed Jessica
  2601 | D:3      | Killed Jessica
  3117 | D:4      | Noticed Elrondos's ghost (amateur DgSk)
  3122 | D:4      | Noticed a centaur
  3147 | D:4      | Noticed Edmund
  3278 | D:4      | Killed Elrondos's ghost
  3278 | D:4      | Reached XP level 6. HP: 25/28 MP: 1/11
  3658 | D:4      | Killed Edmund
  3658 | D:4      | Reached XP level 7. HP: 32/32 MP: 1/12
  4028 | D:5      | Entered Level 5 of the Dungeon
  4398 | D:5      | Found Boontiuq's Book Boutique.
  4398 | D:5      | Noticed a yak
  4398 | D:5      | Noticed a yak
  4400 | D:5      | Noticed a yak
  4400 | D:5      | Noticed a yak
  4401 | D:5      | Noticed a yak
  4415 | D:5      | Killed a yak
  4415 | D:5      | Reached skill level 5 in Dodging
  4415 | D:5      | Reached XP level 8. HP: 29/36 MP: 2/13
  5533 | D:6      | Found Jemeymon's Gadget Boutique.
  5597 | D:6      | Reached XP level 9. HP: 39/39 MP: 7/15
  6176 | D:7      | Reached skill level 5 in Stealth
  6372 | D:7      | Noticed Pikel
  6395 | D:7      | Killed Pikel
  6395 | D:7      | Reached skill level 5 in Spellcasting
  6489 | D:7      | Noticed Joseph
  6508 | D:7      | Shot with a sling bullet by Joseph

Skill      XL: |  1  2  3  4  5  6  7  8  9 |
---------------+----------------------------+-----
Air Magic      | 3 4 5 6 7 8 9 |  9.3
Spellcasting   | 3 6 |  6.1
Dodging        | 5 8 9 |  9.8
Stealth        | 4 5 |  5.0
Fighting       | |  0.1
Conjurations   | |  0.6

Action                   |  1- 3 |  4- 6 |  7- 9 || total
-------------------------+-------+-------+-------++-------
Melee: Dagger            |    26 |       |    40 ||    66
       Spear             |    33 |    35 |     1 ||    69
       Trident           |       |       |     9 ||     9
 Fire: Hunting sling     |       |       |     7 ||     7
 Cast: Shock             |    56 |    82 |   144 ||   282
       Airstrike         |       |       |     4 ||     4
  Use: Potion            |       |     9 |       ||     9
       Scroll            |       |       |    11 ||    11
 Stab: Sleeping          |     7 |     2 |     3 ||    12
       Distracted        |       |       |     1 ||     1
  Eat: Fruit             |       |       |     1 ||     1
       Royal jelly       |       |       |     1 ||     1
Armor: Robe              |     5 |     1 |     6 ||    12
       Skin              |       |    26 |       ||    26
Dodge: Dodged            |    32 |    15 |    68 ||   115
Block: Buckler           |       |       |     2 ||     2
